 Dungeon Crawl Stone Soup version 0.30.1-9-gdf580d7c3d (webtiles) character file.

Game seed: 3556305737895554797

175 Cheops the Cudgeller (level 5, -5/45 HPs)
             Began as a Naga Warper on Oct 18, 2023.
             Splashed by a jelly's acid (8 damage)
             ... on level 4 of the Dungeon.
             The game lasted 00:09:40 (3806 turns).

Cheops the Cudgeller (Naga Warper)                  Turns: 3806, Time: 00:09:40

Health: -5/45      AC:  1    Str: 16    XL:     5   Next: 55%
Magic:  8/8        EV:  8    Int: 13    God:
Gold:   216        SH:  0    Dex: 10    Spells: 6/8 levels left

rFire   . . .        a - +0 mace
rCold   . . .        (no shield)
rNeg    . . .        v - +0 ring mail
rPois   +            (no helmet)
rElec   .            (no cloak)
rCorr   .            n - +0 pair of gloves
SInv    +            (no barding)
Will    .....        (no amulet) Stlth
                     (no ring)
HPRegen 0.27/turn    (no ring)
MPRegen 0.11/turn

%: no passive effects
@: corroded, very slow
A: AC +1, large, see invisible, deformed body, poison resistance, slowness 2,
spit poison 1, naga tail 1
a: Spit Poison


You were on level 4 of the Dungeon.
You visited 1 branch of the dungeon, and saw 4 of its levels.

You collected 216 gold pieces.

Inventory:

Hand Weapons
 a - a +0 mace (weapon)
 b - a +0 sling
Missiles
 d - 7 boomerangs of dispersal
Armour
 f - a +0 leather armour
 n - a +0 pair of gloves (worn)
 v - a +0 ring mail (worn)
 x - a scarf of harm
Wands
 y - a wand of paralysis (9)
Scrolls
 c - 2 scrolls of blinking
 h - a scroll of noise {unknown}
 i - 5 scrolls of identify {unknown}
 o - a scroll of vulnerability {unknown}
 p - 2 scrolls of enchant armour {unknown}
 q - a scroll of torment {unknown}
 r - a scroll of amnesia {unknown}
 s - 2 scrolls of magic mapping {unknown}
 u - a scroll of fear {unknown}
 w - a scroll of immolation {unknown}
Potions
 e - a potion of lignification {unknown}
 g - 2 potions of resistance {unknown}
 j - 3 potions of heal wounds {unknown}
 k - a potion of mutation {unknown}
 l - 4 potions of magic {unknown}
 m - 2 potions of brilliance {unknown}
 t - 3 potions of might {unknown}


   Skills:
 - Level 2.0 Fighting
 + Level 5.6 Maces & Flails
 - Level 0.8 Throwing
 - Level 0.7 Armour
 - Level 1.5 Dodging
 - Level 2.0 Spellcasting
 - Level 3.0 Translocations


You had 6 spell levels left.
You knew the following spells:

 Your Spells              Type           Power      Damage    Failure   Level
b - Blink                 Tloc           18%        N/A       22%         2

Your spell library contained the following spells:

 Spells                   Type           Power      Damage    Failure   Level
 Lesser Beckoning         Tloc           18%        N/A       22%         2
 Teleport Other           Tloc           9%         N/A       38%         3
 Sublimation of Blood     Necr           1%         N/A       58%         2
 Wereblood                Tmut           1%         N/A       58%         2
 Vhi's Electric Charge    Tloc/Air       10%        N/A       61%         3
 Manifold Assault         Tloc           9%         N/A       80%         4
 Summon Hydra             Summ           0%         N/A       100%        7


Dungeon Overview and Level Annotations

Branches:
Dungeon (4/15)
 Temple: D:4-7

Altars:
Elyvilon
Gozag

Shops:
D:3 (


Innate Abilities, Weirdness & Mutations

Your serpentine skin is tough. (AC +1)
You have supernaturally acute eyesight. (SInv)
Armour fits poorly on your strangely shaped body.
Your system is resistant to poisons. (rPois)
You cover ground very slowly.
You can spit poison.
You have a snake-like lower body.


Message History

The quokka is severely wounded.
The quokka bites you.
You sock the quokka!
You kill the quokka!
A jelly comes into view.
The jelly quivers.
A jelly is nearby!
A jelly is nearby!
A jelly is nearby!
Aiming: Spit Poison (1% risk of failure)
Press: ? - help, Shift-Dir - straight line, f - jelly
Aim: a jelly (100% to hit)
The splash of poison hits the jelly.
The jelly completely resists.
You swing at nothing.
You barely miss the jelly. The jelly hits you.
You are splashed with acid!
You hit the jelly.
Your hands burn!
The jelly is moderately wounded.
You have got your breath back.
The jelly hits you but does no damage.
You hit the jelly.
Your hands burn!
The jelly is moderately wounded.
The jelly hits you but does no damage.
You hit the jelly. The acid corrodes you!
Your hands burn!
The jelly is severely wounded.
The jelly jiggles.
The jelly hits you.
You are splashed with acid!
* * * LOW HITPOINT WARNING * * *
You hit the jelly.
Your hands burn!
* * * LOW HITPOINT WARNING * * *
The jelly is almost dead.
The jelly hits you.
* * * LOW HITPOINT WARNING * * *
You are splashed with acid!
* * * LOW HITPOINT WARNING * * *
You barely miss the jelly.
The jelly is almost dead.
The jelly barely misses you. The jelly hits you.
* * * LOW HITPOINT WARNING * * *
You are splashed with acid!
You die...

## ########### ###.#
#.# #.# #.# #.# ####
############ ######.#
..†########..........#
#.......
##........#.####.##..#
......##.
.#.#.#.#..#....#@#
##...##..
.#.#..#.#.####.#.J..#
#..##..#
.#.#...........###....#
...##....
################ #####
### #####


You could see a jelly.

Vanquished Creatures
  A hound (D:4)
  5 adders
  An ufetubus (D:4)
  A worm (D:3)
  4 dart slugs
  5 orcs
  4 endoplasms
  3 giant cockroaches
  10 goblins
  8 hobgoblins
  3 jackals (D:1)
  3 quokkas
  7 ball pythons
  3 bats
  7 frilled lizards
  7 kobolds
  6 rats
78 creatures vanquished.

Notes
Turn   | Place    | Note
-------+----------+-------------------------------------------
     0 | D:1      | Cheops the Naga Warper began the quest for the Orb.
     0 | D:1      | Reached XP level 1. HP: 19/19 MP: 3/3
   240 | D:1      | Reached XP level 2. HP: 26/26 MP: 5/5
   319 | D:1      | Reached skill level 3 in Maces & Flails
   603 | D:1      | Reached XP level 3. HP: 32/32 MP: 6/6
   614 | D:1      | Learned a level 2 spell: Blink
  1231 | D:2      | Found a faded altar of an unknown god.
  1514 | D:2      | Reached skill level 4 in Maces & Flails
  1927 | D:3      | Reached XP level 4. HP: 39/39 MP: 7/7
  2308 | D:3      | Found Nelatek's Weapon Shoppe.
  3055 | D:4      | Reached skill level 5 in Maces & Flails
  3055 | D:4      | Reached XP level 5. HP: 40/45 MP: 8/8
  3587 | D:4      | Found a white marble altar of Elyvilon.
  3597 | D:4      | Found an opulent altar of Gozag.
  3806 | D:4      | Splashed by a jelly's acid

Illustrated notes

Levels and vault maps discovered:
D:1:      tarquinn_simple_flora_water_e, layout_loops_ring
D:2:      layout_basic, shapermc_ecumenical_altar_notcrosses, st_stairs_10
D:3:      layout_basic, serial_shops, shop, bh_walls_and_bars
D:4:      minmay_thinvault, layout_rooms, mainiacjoe_overflow_big_doors

Skill      XL: |  1  2  3  4 |
---------------+-------------+-----
Maces & Flails | 3 4 5 |  5.6
Fighting       | |  2.0
Throwing       | |  0.8
Armour         | |  0.7
Dodging        | |  1.5
Spellcasting   | |  2.0
Translocations | |  3.0

Action                     |  1- 3 |  4- 6 || total
---------------------------+-------+-------++-------
  Melee: Mace              |    92 |    84 ||   176
         Punch             |     1 |     1 ||     2
   Fire: Sling             |     3 |       ||     3
Ability: Spit Poison       |    16 |    15 ||    31
 Armour: Leather armour    |    16 |    21 ||    37
         Ring mail         |       |    26 ||    26
  Dodge: Dodged            |    29 |    43 ||    72
